 Dungeon Crawl Stone Soup version 0.29.1-12-g30fa7ad0bf (webtiles) character file.

Game seed: 6469335562770005806

984 hawla the Chiller (level 8, -6/57 HPs)
             Began as a Meteoran Ice Elementalist on Jan 9, 2023.
             Mangled by an ice beast (14 damage)
             ... on level 7 of the Dungeon.
             The game lasted 00:10:42 (2181 turns).

hawla the Chiller (Meteoran Ice Elementalist)       Turns: 2181, Time: 00:10:43

Health: -6/57      AC:  4    Str: 11    XL:     8   Next: 68%
Magic:  18/18      EV: 12    Int: 18    God:
Gold:   111        SH:  0    Dex: 14    Spells: 11/19 levels left

rFire   . . .      SeeInvis .   (no weapon)
rCold   . . .      Faith    .   (no shield)
rNeg    . . .      Spirit   .   a - +1 robe
rPois   .          Reflect  .   (no helmet)
rElec   .          Harm     .   (no cloak)
rCorr   .          Rampage  .   e - +0 pair of gloves
Will    +....                   (no boots)
Stlth   +.........              (no amulet)
HPRegen 0.19/turn               (no ring)
MPRegen 0.16/turn               (no ring)

@: brilliant, freezing walls, glowing
A: sense surroundings 1, otherworldly, glowing, explore regen, deterioration 1
a: no special abilities


You were on level 7 of the Dungeon.
You visited 1 branch of the dungeon, and saw 7 of its levels.

You collected 136 gold pieces.
You spent 25 gold pieces at shops.

Inventory:

Armour
 a - a +1 robe (worn)
 e - a +0 pair of gloves (worn)
Scrolls
 b - a scroll of identify
 l - a scroll of noise
Potions
 c - a potion of mutation
 d - a potion of brilliance


   Skills:
 + Level 2.8 Dodging
 - Level 1.4 Stealth
 + Level 6.4 Spellcasting
 + Level 6.4 Conjurations
 + Level 7.2 Ice Magic


You had 11 spell levels left.
You knew the following spells:

 Your Spells              Type           Power      Damage    Failure   Level
a - Freeze                Ice            100%       1d11      1%          1
b - Frozen Ramparts       Ice            96%        1d15      1%          3
c - Hailstorm             Conj/Ice       45%        3d10      7%          4

Your spell library contained the following spells:

 Spells                   Type           Power      Damage    Failure   Level
 Ozocubu's Armour         Ice            48%        N/A       1%          3
 Ice Form                 Ice/Tmut       28%        N/A       26%         4
 Gell's Gravitas          Tloc           8%         N/A       34%         3
 Teleport Other           Tloc           8%         N/A       34%         3
 Olgreb's Toxic Radiance  Pois           8%         N/A       75%         4
 Simulacrum               Ice/Necr       14%        N/A       98%         6
 Ozocubu's Refrigeration  Ice            24%        4d12      99%         7
 Dispersal                Tloc           4%         N/A       100%        6
 Ignition                 Fire           4%         3d4       100%        8


Dungeon Overview and Level Annotations

Branches:
Dungeon (7/15) Zot: 1986   Temple (0/1) D:7

Altars:
Fedhas
Hepliaklqana
Sif Muna
Uskayaw

Shops:
D:4 *

Annotations:
D:7 Maggie


Innate Abilities, Weirdness & Mutations

You passively map a small area around you.
You are easily found by Zot.
You glow in the dark.
You regain HP and MP as you explore.
Your body sometimes deteriorates upon taking damage.


Message History

Maggie the Vainglorious comes into view.
She is wielding a +0 broad axe of distortion.
The wall freezes the ice beast but does no damage.
The ice beast hits you but does no damage.
You feel your dexterity returning.
Your Spellcasting skill increases to level 6!
Your Ice Magic skill increases to level 7!
You're too confused to cast spells.
Sorry, you're not good enough to have a special ability.
Your frozen ramparts will break if you move.
Continue? [Y]es or [N]o only, please.
Your frozen ramparts will break if you move.
Continue? [Y]es or [N]o only, please.
Your frozen ramparts will break if you move.
Continue?
You barely miss the hound.
The hound is lightly wounded.
The wall freezes the hound.
The hound bites you.
The wall freezes the howler monkey.
The wall freezes the hound.
The hound closely misses you.
The ice beast completely resists.
The wall freezes the ice beast but does no damage.
The ice beast hits you. The ice beast freezes you!
* * * LOW HITPOINT WARNING * * *
The wall freezes the kobold brigand!
The kobold brigand hits you with a +0 dagger.
* * * LOW HITPOINT WARNING * * *
Your frozen ramparts will break if you move.
Continue?
You bump into the rock wall.
You feel less invigorated.
You feel less confused.
The wall freezes the howler monkey.
The wall freezes the hound!
You kill the hound!
A hound comes into view.
A sky beast comes into view.
The ice beast completely resists.
The wall freezes the ice beast but does no damage.
The ice beast barely misses you.
The wall freezes the kobold brigand!
You kill the kobold brigand!
The kobold throws a stone.
The stone hits you but does no damage.
Your frozen ramparts will break if you move.
Continue?
The ice beast attacks as you move away! The ice beast hits you.
* * * LOW HITPOINT WARNING * * *
The ice beast freezes you!
You die...

,,*,∩,*,,...##...#*,∩,*#.......#.
,,*,,,*,,..<.##.Y##,,,##.#.###.##
,,*****,,,........##*##..#......#
,,,,,,,,,,,#.......###...........
,,,,,*,,,,,#........)............
,,,,**,,,..#.......##......###..#
,,,,,,,,,.......h)##.K....## ####
,,,,,,,,,....###Y)#........#
,,,,,,,,,...,,#.@###.......#
,,>,,,,,*,,,,,##†.#....K..##
,,,,,**,*,,,,,*...##....###
*,,,**,,,,*,,,...##..##..,* *****
*,,,**,,,,*,,.....*,,**+*,***,,,*
***,,,,,,,*,..##.K*,,,+∩',**,,,,,
,,,,,,,,*,,..#*..@,,,,*'**,***,,,
**,,,,,,,,.h.,,....,,,,,,,,,*,,,,
***,,,,***,,,,,,,,,,,,,,,,,,,,,,*


You could see Maggie, an ice beast, a sky beast (wandering), a howler monkey, a
hound (wandering) and a kobold.

Vanquished Creatures
  A water moccasin (D:7)
  A kobold brigand (D:7)
  A bullfrog (D:6)
  2 scorpions (D:5)
  2 howler monkeys
  A hound (D:7)
  A jelly (D:6)
  An orc priest (D:6)
  2 orc wizards (D:6)
  Natasha (D:2)
  4 iguanas
  7 adders
  An ufetubus (D:4)
  5 orcs
  2 ball pythons
  2 endoplasms
  3 giant cockroaches
  3 goblins
  3 hobgoblins
  4 jackals (D:4)
  3 quokkas
  3 bats (D:2)
  6 kobolds
  2 rats
61 creatures vanquished.

Vanquished Creatures (collateral kills)
  A black bear (D:5)
  A phantom (D:5)
2 creatures vanquished.

Vanquished Creatures (others)
  A bush (D:4)
  11 plants (D:4)
12 creatures vanquished.

Grand Total: 75 creatures vanquished

Notes
Turn   | Place    | Note
-------+----------+-------------------------------------------
     0 | D:1      | hawla the Meteoran Ice Elementalist began the quest for the
                  | Orb.
     0 | D:1      | Reached XP level 1. HP: 14/14 MP: 5/5
    60 | D:1      | Reached XP level 2. HP: 17/20 MP: 1/6
   220 | D:2      | Noticed Natasha
   226 | D:2      | Killed Natasha
   227 | D:2      | Reached skill level 5 in Ice Magic
   227 | D:2      | Reached XP level 3. HP: 21/26 MP: 6/8
   231 | D:2      | Learned a level 3 spell: Frozen Ramparts
   248 | D:2      | Reached XP level 4. HP: 14/33 MP: 3/10
   356 | D:4      | Found Pogept's Assorted Antiques.
   372 | D:4      | Bought a scroll labelled ATZOPAE IFAUL for 25 gold pieces
   410 | D:4      | Reached XP level 5. HP: 29/38 MP: 7/12
   448 | D:4      | Found a hazy altar of Hepliaklqana.
   451 | D:4      | Found a hide-covered altar of Uskayaw.
   452 | D:4      | Found a shimmering blue altar of Sif Muna.
   660 | D:4      | Found a blossoming altar of Fedhas.
   839 | D:4      | Reached skill level 6 in Ice Magic
   839 | D:4      | Reached XP level 6. HP: 22/45 MP: 5/14
  1296 | D:4      | Learned a level 4 spell: Hailstorm
  1374 | D:5      | Entered Level 5 of the Dungeon
  1534 | D:5      | Reached skill level 1 in Conjurations
  1647 | D:5      | Noticed a black bear
  1653 | D:5      | Killed a black bear
  1654 | D:5      | Reached XP level 7. HP: 50/50 MP: 9/15
  1735 | D:5      | Reached skill level 5 in Conjurations
  2125 | D:6      | Reached skill level 5 in Spellcasting
  2125 | D:6      | Reached XP level 8. HP: 35/57 MP: 10/16
  2156 | D:7      | Gained mutation: Your body sometimes deteriorates upon
                  | taking damage. [potion of mutation]
  2178 | D:7      | Noticed Maggie
  2179 | D:7      | Reached skill level 7 in Ice Magic
  2181 | D:7      | Mangled by an ice beast

Illustrated notes

Levels and vault maps discovered:
D:1:      dpeg_arrival_more_subterranean_lakeside_camping, layout_basic,
          dreamdust_ecumenical_altar_grove, chequers_serial_rivers_room_a,
          minivault_14, st_stairs_10, minmay_three_crescents
D:2:      layout_loops_cross, supply_closet_lemuel, dk_noncrumbling_3,
          corexii_corridor_pit, nrook_mini_backslash, uniq_natasha
D:3:      layout_basic, uniq_terence, uniq_sigmund
D:4:      layout_loops_corners, grunt_temple_overflow_open,
          fedhas_altar_decomposition, serial_shops, shop
D:5:      layout_cave_pods, serial_bayou, serial_bayou_lagoon_b,
          serial_bayou_pond_d, serial_bayou_shore_b, serial_bayou_pond_c
D:6:      layout_cave_pools
D:7:      layout_cave_pools, minmay_temple_entry_enclosed_plants, serial_shops,
          nicolae_take_the_stairs, nicolae_stop_n_shop_1,
          nicolae_shop_behind_doors, nicolae_diamond_shop, enter_bailey_5,
          serial_gnoll_camp, gnoll_camp_huts_moat, gnoll_camp_mini_doghouse,
          grums_kennel, gnoll_camp_mini_shop, uniq_maggie

Skill      XL: |  1  2  3  4  5  6  7  8 |
---------------+-------------------------+-----
Spellcasting   | 3 4 5 6 |  6.4
Ice Magic      | 5 6 7 |  7.2
Conjurations   | 4 6 |  6.4
Dodging        | |  2.8
Stealth        | |  1.4

Action                   |  1- 3 |  4- 6 |  7- 9 || total
-------------------------+-------+-------+-------++-------
Melee: Unarmed           |     2 |    14 |     5 ||    21
 Cast: Freeze            |    28 |    38 |    16 ||    82
       Frozen Ramparts   |     1 |    12 |     7 ||    20
       Hailstorm         |       |     2 |     2 ||     4
  Use: Scroll            |     1 |     4 |     4 ||     9
       Potion            |     1 |       |     5 ||     6
Armor: Robe              |     8 |    12 |    13 ||    33
Dodge: Dodged            |    17 |    14 |    26 ||    57
